Map: Tropical Sacrifice

Players

MattBarry

  • Race: Zerg Zerg
  • League: Silver
  • Spawn Location: 1:00

minkus - Winner!

  • Race: Protoss Protoss
  • League: Gold
  • Spawn Location: 7:00

VOD

Have the link to the VOD?

Description

Time

  • Played on: Jan. 19, 2023, 12:47 a.m.
  • Length: 17:33
Show
View Real Time Build Order
Export as new Build Order

MattBarry Zerg 

Build Orders: Pool First 

Get SALT Encoding   

  12  0:01  Drone  
  13  0:13  Overlord  
  13  0:19  Extractor  
  12  0:21  Drone  
  12  0:26  Drone  
  14  0:36  Drone  
  15  0:47  Spawning Pool  
  14  0:54  Drone  
  15  1:10  Drone  
  16  1:27  Drone  
  16  1:32  Overlord  
  17  1:34  Zergling x2  
  17  1:35  Queen  
  20  1:40  Metabolic Boost  
  20  2:00  Zergling x2  
  20  2:01  Zergling x2  
  22  2:11  Drone  
  23  2:16  Hatchery  
  22  2:38  Drone  
  22  2:39  Drone x2  
  25  3:05  Zergling x6  
  26  3:28  Drone x2  
  26  3:29  Queen  
  26  3:31  Drone x2  
  26  3:32  Drone  
  33  3:39  Roach Warren  
  33  3:40  Lair  
  32  3:43  Hatchery  
  31  3:52  Drone x2  
  33  3:57  Drone  
  34  4:02  Overlord  
  34  4:03  Zergling x4  
  36  4:26  Extractor  
  36  4:28  Drone x2  
  36  4:50  Queen  
  36  4:52  Glial Reconstitution, Drone x2  
  40  5:11  Queen  
  40  5:12  Drone  
  40  5:13  Drone, Overlord x2  
  40  5:14  Drone x2  
  46  5:15  Roach  
  47  5:30  Extractor, Drone x2  
  47  5:31  Overlord  
  47  5:33  Zergling x4  
  47  5:34  Zergling x6  
  53  5:38  Evolution Chamber  
  52  5:59  Roach  
  52  6:00  Roach x3  
  52  6:01  Zergling x4, Overlord x2  
  52  6:02  Overlord  
  62  6:10  Drone x2  
  64  6:21  Pneumatized Carapace  
  64  6:30  Evolution Chamber  
  64  6:32  Drone  
  64  6:33  Drone x2  
  64  6:34  Roach x5  
  76  6:42  Hatchery  
  75  6:49  Extractor  
  75  6:50  Extractor  
  75  6:51  Roach x4  
  76  7:11  Zergling x26  
  86  7:28  Zerg Melee Weapons Level 1  
  86  7:29  Zerg Ground Armor Level 1  
  86  7:38  Overlord  
  86  7:39  Overlord  
  82  8:03  Zergling x2  
  82  8:04  Zergling x26  
  74  8:26  Drone  
  71  8:27  Drone x8  
  79  8:38  Overlord  
  79  8:57  Hydralisk Den  
  79  9:00  Infestation Pit  
  77  9:26  Drone x8  
  77  9:27  Drone x3  
  77  9:28  Roach  
  77  9:29  Roach x11  
  109  9:45  Zerg Missile Weapons Level 1  
  109  9:46  Zerg Ground Armor Level 2  
  109  9:49  Hydralisk  
  109  9:51  Overlord x3  
  103  10:18  Zergling x2  
  103  10:19  Zergling x28  
  103  10:20  Zergling x2  
  94  10:33  Hydralisk x5  
  104  10:59  Hydralisk  
  104  11:01  Hydralisk x4  
  104  11:02  Hydralisk x3  
  118  11:28  Hatchery  
  118  11:31  Overlord  
  118  11:32  Roach  
  119  11:41  Grooved Spines  
  119  11:43  Zerg Melee Weapons Level 2  
  119  11:48  Overlord  
  119  11:49  Overlord  
  119  11:51  Overlord  
  119  11:59  Overlord  
  117  12:28  Hydralisk  
  117  12:29  Hydralisk x16  
  129  12:35  Overseer  
  129  12:36  Overseer  
  143  12:53  Muscular Augments  
  143  13:07  Drone  
  143  13:08  Drone x2, Overlord x4  
  143  13:09  Hydralisk x5  
  156  13:17  Overlord  
  156  13:29  Spire  
  156  13:30  Hive  
  156  13:33  Zerg Missile Weapons Level 2  
  155  13:47  Roach  
  155  13:48  Roach x5  
  135  13:55  Roach  
  135  13:56  Zergling x8  
  135  13:57  Zergling x2  
  96  14:28  Roach x5  
  96  14:29  Roach x7  
  109  14:35  Spine Crawler  
  98  14:43  Zergling x10  
  98  14:44  Zergling x2  
  99  14:51  Zergling x2  
  99  14:52  Zergling x8  
  98  15:08  Hydralisk x3  
  98  15:09  Hydralisk x2  
  97  15:19  Infestor x3  
  99  15:45  Zergling x12  
  99  15:46  Zergling x12  
  66  15:59  Roach  
  66  16:00  Roach x3  
  53  16:13  Roach x4  
  59  16:24  Roach  
  59  16:25  Roach x2  
  42  16:38  Roach  
Show
View Real Time Build Order
Export as new Build Order

minkus Protoss - Winner!

Build Orders: 1 Gate Expand, Chargelot Immortal 

Get SALT Encoding   

  12  0:00  Probe  
  13  0:12  Probe  
  14  0:24  Probe  
  14  0:25  Pylon  
  15  0:43  Probe  
  15  0:49  Gateway  
  16  0:54  Assimilator  
  16  0:55  Probe (Chrono Boost)  
  18  1:04  Probe (Chrono Boost)  
  18  1:09  Probe (Chrono Boost)  
  19  1:21  Probe  
  19  1:33  Probe  
  19  1:38  Nexus  
  19  1:39  Zealot  
  22  1:46  Pylon  
  22  1:58  Cybernetics Core  
  22  2:04  Probe  
  23  2:16  Probe (Chrono Boost)  
  23  2:19  Zealot  
  26  2:26  Probe (Chrono Boost)  
  27  2:40  Probe  
  27  2:41  Pylon  
  27  2:44  Assimilator  
  28  2:50  Pylon  
  28  2:53  Probe (Chrono Boost)  
  28  2:56  Probe (Chrono Boost)  
  30  3:04  Probe (Chrono Boost)  
  32  3:06  Probe (Chrono Boost)  
  32  3:09  Probe (Chrono Boost)  
  32  3:11  Probe (Chrono Boost)  
  33  3:14  Shield Battery  
  33  3:17  Warp Gate (Chrono Boost)  
  33  3:19  Probe  
  35  3:22  Probe  
  36  3:27  Shield Battery  
  36  3:28  Pylon  
  36  3:31  Stalker  
  38  3:34  Probe x2  
  40  3:46  Twilight Council, Probe  
  40  3:47  Probe  
  42  3:58  Probe  
  42  3:59  Probe  
  42  4:01  Stalker  
  46  4:04  Gateway  
  46  4:06  Gateway  
  46  4:08  Gateway  
  46  4:10  Probe  
  47  4:21  Probe  
  47  4:22  Robotics Facility  
  47  4:23  Probe  
  49  4:25  Pylon  
  49  4:33  Probe  
  49  4:49  Assimilator  
  49  4:53  Assimilator  
  49  4:59  Stalker  
  51  5:00  Stalker  
  51  5:01  Stalker  
  51  5:02  Zealot  
  57  5:07  Nexus  
  57  5:11  Pylon  
  57  5:15  Pylon  
  57  5:21  Pylon  
  57  5:23  Zealot x2  
  57  5:25  Charge, Pylon  
  57  5:27  Observer  
  62  5:35  Probe x2  
  64  5:43  Pylon  
  64  5:46  Immortal  
  64  5:47  Probe (Chrono Boost)  
  64  5:48  Probe (Chrono Boost)  
  66  5:56  Probe x2 (Chrono Boost)  
  72  6:01  Zealot x2, Probe x2 (Chrono Boost)  
  78  6:04  Sentry  
  78  6:05  Sentry  
  82  6:13  Probe x2  
  82  6:16  Pylon  
  84  6:22  Forge  
  84  6:23  Forge  
  84  6:28  Probe x2 (Chrono Boost)  
  84  6:29  Probe (Chrono Boost)  
  87  6:38  Probe x3 (Chrono Boost)  
  90  6:43  Probe x3 (Chrono Boost)  
  93  6:54  Probe x3  
  93  6:55  Stalker x2  
  93  6:57  Stalker  
  102  7:06  Probe x3  
  102  7:07  Zealot  
  99  7:19  Stalker x2  
  99  7:20  Stalker  
  105  7:28  Assimilator  
  105  7:32  Assimilator  
  105  7:37  Probe x3  
  105  7:42  Nexus  
  108  7:44  Immortal (Chrono Boost)  
  108  7:45  Pylon  
  108  7:48  Pylon  
  108  7:49  Probe  
  108  7:50  Assimilator  
  113  7:54  Assimilator  
  109  8:04  Zealot  
  109  8:05  Zealot x3  
  87  8:21  Immortal (Chrono Boost)  
  87  8:33  Pylon  
  87  8:35  Zealot x2  
  87  8:36  Zealot x2  
  95  8:51  Probe x3  
  95  8:53  Immortal  
  102  9:03  Photon Cannon, Probe  
  102  9:04  Probe x2  
  102  9:05  Photon Cannon  
  105  9:11  Protoss Ground Weapons Level 1 (Chrono Boost), Stalker x3, Protoss Ground Armor Level 1 (Chrono Boost)  
  105  9:12  Stalker  
  105  9:15  Probe  
  105  9:16  Probe x2  
  116  9:18  Gateway  
  116  9:20  Gateway  
  116  9:21  Photon Cannon, Shield Battery  
  116  9:23  Gateway  
  116  9:24  Pylon  
  116  9:27  Shield Battery, Probe  
  116  9:28  Shield Battery, Probe  
  116  9:31  Photon Cannon x2  
  118  9:33  Gateway  
  118  9:34  Pylon  
  118  9:39  Zealot x4  
  118  9:42  Gateway  
  126  10:01  Zealot x3  
  126  10:02  Zealot  
  103  10:25  Stalker x5  
  103  10:26  Stalker x2  
  112  10:30  Immortal  
  116  10:43  Pylon  
  116  10:46  Pylon  
  116  10:50  Photon Cannon  
  116  10:52  Photon Cannon  
  116  10:54  Probe (Chrono Boost)  
  116  10:55  Probe (Chrono Boost)  
  116  10:56  Probe (Chrono Boost)  
  120  10:57  Probe (Chrono Boost)  
  120  11:00  Pylon  
  120  11:03  Pylon  
  122  11:05  Probe x2 (Chrono Boost)  
  122  11:06  Probe (Chrono Boost)  
  122  11:07  Probe (Chrono Boost)  
  122  11:09  Immortal, Photon Cannon x2  
  128  11:13  Probe x4 (Chrono Boost)  
  128  11:17  Protoss Ground Weapons Level 2 (Chrono Boost), Protoss Ground Armor Level 2 (Chrono Boost)  
  132  11:20  Probe x4  
  132  11:24  Templar Archives  
  136  11:32  Probe x4  
  140  11:52  Nexus  
  140  11:55  Pylon  
  140  11:57  Pylon  
  140  12:00  Pylon, Nexus  
  140  12:03  Pylon  
  140  12:04  Psionic Storm, High Templar x2  
  140  12:05  High Templar x7  
  158  12:09  Archon  
  158  12:10  Archon x3  
  158  12:11  Nexus  
  158  12:14  Pylon  
  158  12:18  Immortal  
  162  12:27  Robotics Facility  
  162  12:29  Robotics Bay  
  162  12:31  Robotics Facility  
  162  12:34  Pylon  
  162  12:39  Zealot x4  
  162  12:40  Zealot x5  
  175  12:57  Immortal  
  179  13:02  Probe  
  179  13:03  Probe x4  
  184  13:18  Probe x3 (Chrono Boost)  
  184  13:19  Probe x3 (Chrono Boost)  
  190  13:22  Assimilator  
  190  13:24  Assimilator  
  191  13:27  Assimilator  
  191  13:29  Assimilator, Probe (Chrono Boost)  
  191  13:30  High Templar x2, Probe (Chrono Boost)  
  191  13:31  Probe x4 (Chrono Boost)  
  190  13:49  Protoss Ground Weapons Level 3 (Chrono Boost), Protoss Ground Armor Level 3 (Chrono Boost)  
  174  13:56  High Templar x7  
  168  14:05  Gateway  
  168  14:07  Gateway  
  168  14:09  Gateway  
  166  14:13  Gateway  
  166  14:19  Gateway  
  166  14:22  Gateway  
  162  14:25  Gateway  
  156  14:47  Archon x2  
  156  14:48  Archon x2  
  156  14:49  Archon  
  156  14:50  High Templar x6  
  156  14:51  High Templar x3  
  174  14:56  Observer x2  
  174  14:57  Colossus  
  178  15:17  Colossus x2  
  178  15:18  Stalker x5  
  193  15:59  Archon x4  
  189  16:44  High Templar x5  
Tags
 
Add a new tag
Caveats
  • Supply blocks, unpowered buildings, or Contaminate may cause inaccurate times.
  • Supply counts are checked every 10 seconds.